 Dungeon Sprint DCSS version 0.26-a0-1181-gd376ed14c5 (webtiles) character file.

Game seed: 9899677054363878340

672 sahdkjhfkaj the Imperceptible (level 7, -1/24 (33) HPs)
             Began as a Spriggan Brigand on Dec 27, 2020.
             Slain by a necrophage (6 damage)
             ... in the Dungeon (Sprint II: "The Violet Keep of Menkaure").
             The game lasted 00:02:41 (163 turns).

sahdkjhfkaj the Imperceptible (Spriggan Brigand)     Turns: 163, Time: 00:02:41

HP:   -1/24 (33)    AC:  3    Str:  7    XL:     7   Next: 32%
MP:   8/8           EV: 17    Int: 12    God:
Gold: 376           SH:  0    Dex: 20    Spells: 6/6 levels left

rFire    . . .     SeeInvis +   a - +2 dagger
rCold    . . .     Faith    .   (shield restricted)
rNeg     . . .     Spirit   .   b - +0 robe
rPois    .         Reflect  .   (helmet restricted)
rElec    .         Harm     .   c - +0 cloak
rCorr    .         Rampage  .   (gloves unavailable)
Will     +....     NoTele   +   (boots unavailable)
Stlth    ++++++++..             (no amulet)
HPRegen  0.08/turn              (no ring)
MPRegen  0.11/turn              (no ring)

@: very heavily drained, very quick
A: very small, unfitting armour, see invisible, speed 3
a: no special abilities


You were in the Dungeon.
You visited 1 branch You collected 486 gold pieces.
You spent 110 gold pieces at shops.

Inventory:

Hand Weapons
 a - a +2 dagger (weapon)
Missiles
 d - 8 poisoned darts (quivered)
 e - 2 curare-tipped darts
Armour
 b - a +0 robe (worn)
 c - a +0 cloak (worn)
Scrolls
 k - a scroll of blinking
Potions
 f - a potion of curing
 g - 2 potions of heal wounds
 i - 2 potions of magic


   Skills:
 - Level 1.5 Fighting
 - Level 2.1 Short Blades
 - Level 2.0 Throwing
 - Level 1.5 Dodging
 + Level 22.2 Stealth


You had 6 spell levels left.
You didn't know any spells.
Your spell library was empty.

Dungeon Overview and Level Annotations

Branches:
Dungeon (1/1)

Altars:

Shops:
D (=:}[![=[:?*:=!

Annotations:
D exclusion: oklob plant, Menkaure


Innate Abilities, Weirdness & Mutations

You are very small and have problems with some larger weapons.
You are too small for most types of armour.
You have supernaturally acute eyesight. (SInv)
You cover ground extremely quickly.


Message History

You feel drained.
Unknown command.
Unknown command.
Unknown command.
Unknown command.
Unknown command.
The necrophage misses you. The necrophage closely misses you.
The necrophage barely misses you.
Unknown command.
The necrophage misses you. The necrophage hits you.
The necrophage hits you but does no damage.
Unknown command.
The necrophage hits you.
* * * LOW HITPOINT WARNING * * *
You feel drained. The necrophage barely misses you.
Menkaure gestures at you while chanting.
You resist with significant effort. The necrophage barely misses you.
The necrophage hits you.
You die...

## ≈## ############≈≈#++
###########≈≈≈...
##∩.......#≈≈≈≈.## ##
##.∩...@n∩#≈≈≈≈##. .##
##∩.∩.nn∩.#≈≈≈≈#..#..#
##.∩.∩.∩.∩#≈≈####.).# ##
##....∩.∩M#≈##†###'###.#
##...∩.∩..#≈#.#.##.##...
##....⌠...'≈'###+.<.nn#
##........#≈#.#.##.##...
#▓▓▓▓▓▓▓###≈##.###+# #.#
##$hh######≈≈### ##


You could see 3 necrophages and Menkaure.

Vanquished Creatures
  A merfolk siren (D)
  2 wyverns (D)
  A necrophage (D)
4 creatures vanquished.

Notes
Turn   | Place    | Note
-------+----------+-------------------------------------------
     0 | D        | sahdkjhfkaj the Spriggan Brigand began the quest for the
                  | Orb.
     0 | D        | Reached XP level 1. HP: 10/10 MP: 2/2
     1 | D        | Noticed a wyvern
     1 | D        | Noticed a wyvern
     4 | D        | Killed a wyvern
     5 | D        | Reached skill level 15 in Stealth
     5 | D        | Reached XP level 2. HP: 14/14 MP: 3/3
     5 | D        | Reached XP level 3. HP: 18/18 MP: 4/4
     5 | D        | Reached XP level 4. HP: 22/22 MP: 5/5
     5 | D        | Reached XP level 5. HP: 25/25 MP: 6/6
     7 | D        | Killed a wyvern
     8 | D        | Reached skill level 18 in Stealth
     8 | D        | Reached XP level 6. HP: 30/30 MP: 7/7
    14 | D        | Noticed a merfolk siren
    26 | D        | Killed a merfolk siren
    27 | D        | Reached skill level 21 in Stealth
    27 | D        | Reached XP level 7. HP: 33/33 MP: 8/8
   113 | D        | Reached skill level 22 in Stealth
   122 | D        | Found Sollikk's Book Shop.
   122 | D        | Found Venukyx's Antique Armour Boutique.
   122 | D        | Found Yruann's Distillery.
   122 | D        | Found Mobam's Book Boutique.
   122 | D        | Found Tygg's Assorted Antiques.
   122 | D        | Found Puteg's Jewellery Boutique.
   123 | D        | Found Getaimib's Magic Scroll Shop.
   123 | D        | Found Osiphod's Jewellery Boutique.
   123 | D        | Found Tophat's Antique Armour Shop.
   124 | D        | Found Donatuv's Distillery.
   124 | D        | Noticed a hell hog
   126 | D        | Found Ureigiukh's Armour Boutique.
   126 | D        | Found Wepnaowu's Gadget Shop.
   126 | D        | Noticed Menkaure
   126 | D        | Noticed a hell hog
   126 | D        | Noticed an oklob plant
   127 | D        | Found Hoal's Jewellery Shop.
   127 | D        | Found Maofazo's Antique Weapon Boutique.
   127 | D        | Found Segem's Book Shoppe.
   128 | D        | Noticed a great orb of eyes
   137 | D        | Bought a potion of heal wounds for 55 gold pieces
   137 | D        | Bought a potion of heal wounds for 55 gold pieces
   163 | D        | Slain by a necrophage

Illustrated notes

Levels and vault maps discovered:
D:        the_violet_keep_of_menkaure [sprint2_stairs_cluster_1,
          sprint2_shoproom, sprint2_temple, sprint2_basic_supplies,
          sprint2_obstacle_6, sprint2_obstacle_1, sprint2_obstacle_4,
          sprint2_obstacle_3, sprint2_obstacle_2, sprint2_timed_cluster_1,
          sprint2_smallroom_cluster_1, sprint2_smallroom_final_cluster_1,
          sprint2_transparent_cluster_1, sprint2_second_timed_cluster_1,
          sprint2_sniper_area_1, sprint2_heavy_combat_area_1,
          sprint2_mutation_trap_area_1, sprint2_forest_area_1,
          sprint2_light_combat_area_1, sprint2_behind_water_1,
          sprint2_near_end_vault_1]

Skill      XL: |  1  2  3  4  5  6  7 |
---------------+----------------------+-----
Stealth        | 15 18 21 22 | 22.2
Fighting       | |  1.5
Short Blades   | |  2.1
Throwing       | |  2.0
Dodging        | |  1.5

Action                   |  1- 3 |  4- 6 |  7- 9 || total
-------------------------+-------+-------+-------++-------
Melee: Dagger            |     1 |    11 |    53 ||    65
  Use: Potion            |       |     1 |     2 ||     3
 Stab: Sleeping          |     1 |     1 |       ||     2
Armor: Robe              |       |       |     4 ||     4
Dodge: Dodged            |       |     6 |    26 ||    32

Table legend: (Time is in decaauts)
 A = Elapsed time spent in this place.
 B = Non-inter-level travel time spent in this place.
 C = Inter-level travel time spent in this place.
 D = Time resting spent in this place.
 E = Time spent auto-exploring this place.
 F = Levels seen in this place.
 G = Mean time per level.
                   A        B        C        D        E       F      G
               +--------+--------+--------+--------+--------+-----+--------+
         Total |    124 |    124 |      0 |     44 |      0 |   1 |  124.0 |
       Dungeon |    124 |    124 |      0 |     44 |      0 |   1 |  124.0 |
               +--------+--------+--------+--------+--------+-----+--------+

Top non-repeatable levels by time:
       D: 124 daAuts
